Map: Dusk Towers

Players

divine - Winner!

  • Race: Terran Terran
  • League: Bronze

WildCatBrown

  • Race: Protoss Protoss
  • League: Bronze

VOD

Have the link to the VOD?

Description

Time

  • Played on: Dec. 24, 2015, 9:18 a.m.
  • Length: 15:05
Show
View Real Time Build Order
Export as new Build Order

divine Terran - Winner!

Build Orders: Banshee Rush 

Get SALT Encoding   

  12  0:02  SCV  
  13  0:14  SCV  
  14  0:26  SCV  
  15  0:33  Supply Depot  
  15  0:37  Refinery  
  15  1:02  SCV, Barracks  
  16  1:14  SCV  
  16  1:17  Supply Depot  
  17  1:26  SCV  
  17  1:31  Refinery  
  18  1:39  SCV  
  19  1:50  Factory  
  19  1:58  Orbital Command  
  19  2:02  Marine  
  20  2:09  Engineering Bay  
  20  2:21  Marine  
  21  2:27  SCV  
  22  2:36  Starport  
  22  2:39  Factory Tech Lab, SCV  
  22  2:43  Marine  
  24  2:51  SCV  
  24  2:52  Barracks  
  25  3:07  Bunker  
  25  3:19  Supply Depot  
  25  3:22  SCV  
  25  3:23  Missile Turret  
  26  3:29  Banshee  
  26  3:31  Cloaking Field  
  26  3:34  SCV  
  30  3:46  SCV  
  31  3:59  Command Center  
  31  4:03  SCV  
  32  4:12  Banshee  
  32  4:14  Barracks Tech Lab  
  35  4:17  Factory Reactor  
  35  4:21  Marine  
  36  4:39  Marine  
  36  4:40  Marauder  
  39  4:49  Supply Depot  
  39  4:59  Supply Depot, SCV, Widow Mine  
  42  5:12  SCV  
  43  5:49  Marine  
  46  5:50  Marauder  
  46  6:08  Terran Infantry Weapons Level 1, Supply Depot  
  48  6:11  Marauder  
  48  6:13  SCV  
  48  6:15  Refinery  
  49  6:26  SCV  
  50  6:38  SCV  
  51  7:28  Widow Mine x2  
  55  7:30  Medivac  
  54  7:39  SCV  
  55  7:44  Stimpack  
  55  7:49  Supply Depot  
  55  7:51  Barracks  
  55  7:52  SCV  
  55  7:54  Marine x2  
  58  8:00  Medivac  
  58  8:04  SCV, Widow Mine  
  58  8:05  Widow Mine  
  65  8:12  Marine x2  
  66  8:15  Command Center  
  66  8:17  Barracks  
  66  8:19  Refinery  
  67  8:20  Orbital Command  
  67  8:30  Medivac  
  69  8:38  Marine x3  
  69  8:41  Missile Turret  
  72  8:45  Terran Infantry Armor Level 1  
  72  8:48  Supply Depot  
  72  8:55  Marine  
  72  8:56  Marine  
  72  8:57  Fusion Core  
  74  9:04  Hellion  
  74  9:05  Hellion  
  74  9:08  Barracks Reactor  
  78  9:10  Marine  
  78  9:12  Medivac  
  78  9:14  SCV  
  82  9:26  SCV  
  82  9:29  Marauder  
  83  9:38  SCV  
  83  9:42  Medivac  
  82  9:55  Refinery  
  82  9:58  Marauder  
  84  10:02  Barracks Tech Lab  
  84  10:03  Marine x2  
  84  10:06  Widow Mine x2  
  90  10:11  Missile Turret  
  90  10:20  Marauder  
  92  10:21  Marine x2  
  92  10:23  Marauder  
  92  10:27  Combat Shields  
  96  10:30  Concussive Shells  
  96  10:34  SCV  
  97  10:37  SCV  
  97  10:38  Barracks  
  97  10:41  Marauder  
  100  10:44  Marauder  
  100  10:46  SCV  
  100  10:49  SCV  
  104  10:59  SCV, Armory  
  104  11:01  SCV  
  104  11:02  Marauder  
  108  11:11  SCV  
  109  11:15  Marine x4  
  111  11:23  SCV  
  111  11:24  Marauder  
  110  11:32  Widow Mine x2  
  114  11:35  Marine  
  114  11:37  Marine x2  
  117  11:44  Orbital Command  
  117  11:48  Supply Depot  
  117  11:58  Supply Depot, Marauder x2  
  117  11:59  Terran Infantry Weapons Level 2  
  117  12:00  Widow Mine x2  
  125  12:04  Engineering Bay  
  125  12:05  Terran Vehicle Weapons Level 1  
  125  12:20  Marauder  
  127  12:26  Marauder, Marine x4  
  127  12:29  Widow Mine  
  135  12:41  Marauder  
  135  12:44  Marine x2  
  130  13:10  Marine x3  
  130  13:11  Marine x2  
  130  13:12  Marauder  
  134  13:22  SCV  
  135  13:28  Marine x3  
  135  13:29  Marauder  
  135  13:34  SCV  
  140  13:46  SCV  
  140  13:50  Marauder  
  135  13:58  SCV  
  136  14:10  SCV  
  121  14:46  Marine x5  
  121  14:47  Marine  
Show
View Real Time Build Order
Export as new Build Order

WildCatBrown Protoss 

Build Orders: 1 Gate Expand 

Get SALT Encoding   

  12  0:01  Probe (Chrono Boost)  
  13  0:11  Probe (Chrono Boost)  
  14  0:21  Pylon  
  14  0:24  Probe (Chrono Boost)  
  15  0:30  Assimilator  
  15  0:40  Probe (Chrono Boost)  
  16  0:45  Gateway  
  16  0:50  Probe (Chrono Boost)  
  17  1:01  Probe (Chrono Boost)  
  19  1:11  Probe (Chrono Boost)  
  19  1:23  Probe (Chrono Boost)  
  20  1:31  Nexus  
  20  1:35  Probe (Chrono Boost)  
  21  1:47  Cybernetics Core  
  21  1:52  Zealot  
  23  2:10  Assimilator  
  23  2:16  Pylon  
  23  2:23  Warp Gate  
  23  2:32  Gateway  
  23  2:35  Probe (Chrono Boost)  
  24  2:45  Probe (Chrono Boost)  
  24  2:46  Mothership Core (Chrono Boost)  
  27  2:55  Probe (Chrono Boost)  
  28  3:02  Adept  
  28  3:04  Probe (Chrono Boost)  
  30  3:07  Assimilator  
  30  3:10  Assimilator  
  30  3:14  Pylon  
  30  3:15  Probe (Chrono Boost)  
  30  3:16  Probe (Chrono Boost)  
  32  3:25  Probe (Chrono Boost)  
  32  3:26  Adept  
  35  3:36  Probe (Chrono Boost)  
  35  3:37  Probe (Chrono Boost)  
  35  3:38  Twilight Council  
  37  3:42  Adept  
  37  3:46  Probe (Chrono Boost)  
  40  3:50  Probe (Chrono Boost)  
  41  3:59  Probe (Chrono Boost)  
  41  4:01  Probe (Chrono Boost)  
  43  4:03  Robotics Facility  
  43  4:04  Adept  
  45  4:12  Probe x2 (Chrono Boost)  
  45  4:14  Pylon  
  47  4:17  Resonating Glaives (Chrono Boost)  
  47  4:25  Probe  
  47  4:27  Forge  
  48  4:32  Probe  
  48  4:36  Probe  
  50  4:40  Adept  
  52  5:02  Nexus  
  52  5:04  Pylon  
  52  5:05  Adept x2  
  56  5:08  Warp Prism  
  51  5:45  Observer  
  51  5:47  Photon Cannon  
  47  6:00  Stalker x2, Photon Cannon  
  50  6:43  Probe  
  50  6:46  Probe  
  52  6:54  Pylon  
  51  7:14  Photon Cannon  
  50  7:30  Pylon  
  50  7:34  Probe, Pylon  
  50  7:35  Probe  
  50  7:36  Probe  
  53  7:44  Stalker x2  
  53  7:47  Probe  
  53  7:50  Blink (Chrono Boost)  
  58  8:02  Gateway  
  58  8:03  Gateway  
  58  8:15  Probe, Photon Cannon  
  58  8:16  Probe  
  58  8:17  Probe  
  61  8:28  Probe x2  
  61  8:29  Probe  
  61  8:32  Stalker x2  
  68  8:41  Probe  
  68  8:43  Immortal  
  68  8:48  Probe x2, Protoss Ground Weapons Level 1  
  75  9:01  Stalker  
  75  9:02  Assimilator  
  77  9:06  Assimilator  
  77  9:22  Adept  
  79  9:32  Zealot  
  69  9:57  Adept x4  
  69  9:59  Probe x2  
  77  10:01  Probe  
  80  10:13  Probe (Chrono Boost)  
  81  10:18  Zealot x4  
  81  10:21  Charge (Chrono Boost)  
  89  10:31  Probe (Chrono Boost)  
  90  10:39  Zealot x2  
  90  10:40  Zealot x2  
  90  10:42  Probe (Chrono Boost)  
  99  10:49  Gateway  
  99  10:51  Gateway  
  99  10:52  Probe x3 (Chrono Boost)  
  99  10:53  Pylon  
  102  10:57  Pylon  
  102  11:08  Pylon  
  102  11:11  Pylon  
  98  11:23  Adept  
  98  11:24  Adept x3  
  103  11:45  Zealot x3  
  103  11:46  Zealot  
  111  11:49  Probe x3 (Chrono Boost)  
  114  11:57  Robotics Bay  
  114  12:00  Templar Archives  
  114  12:03  Zealot x2  
  118  12:10  Stalker  
  118  12:11  Stalker x3  
  118  12:15  Protoss Ground Weapons Level 2 (Chrono Boost)  
  126  12:22  Forge  
  126  12:31  Stalker x2  
  126  12:44  Pylon  
  126  12:49  Pylon  
  116  12:58  Photon Cannon  
  114  13:17  Zealot  
  114  13:18  Zealot x3  
  114  13:19  Stalker x2  
  126  13:25  Disruptor  
  113  13:56  Stalker  
  113  13:57  Stalker x5  
  113  14:01  Disruptor  
  126  14:34  Zealot x3  
  126  14:37  Observer  
  91  14:47  Stalker x2  
  79  14:57  Zealot x3  
Tags
 
Add a new tag
Caveats
  • Supply blocks, unpowered buildings, or Contaminate may cause inaccurate times.
  • Supply counts are checked every 10 seconds.